 Dungeon Crawl Stone Soup version 0.22.0-1-g6561e4c (webtiles) character file.

1915 iamserjio the Caller (level 8, -12/69 HPs)
             Began as a Demigod Summoner on Aug 12, 2018.
             Mangled by a five-headed hydra (17 damage)
             ... on level 7 of the Dungeon.
             The game lasted 00:21:29 (11212 turns).

iamserjio the Caller (Demigod Summoner)            Turns: 11212, Time: 00:21:29

Health: -12/69     AC: 11    Str: 11    XL:     8   Next: 63%
Magic:  5/17       EV: 15    Int: 23    God:
Gold:   315        SH:  0    Dex: 19    Spells: 2/15 levels left

rFire    . . .     SeeInvis .   L - +2 flail (protect)
rCold    . . .     Gourm    .   (no shield)
rNeg     . . .     Faith    .   Q - +2 robe {MR+}
rPois    +         Spirit   .   u - +0 helmet
rElec    .         Reflect  .   K - +1 cloak {rPois}
rCorr    .         Harm     .   D - +2 pair of gloves
MR       ++...                  v - +0 pair of boots "Folot" {rPois Dex+3} (curse)
Stlth    ++........             (no amulet)
HPRegen  0.21/turn              o - ring of wizardry
MPRegen  0.15/turn              s - ring of protection from magic

@: no status effects
A: high mp 1
a: no special abilities


You were on level 7 of the Dungeon.
You were near starving.

You visited 1 branch of the dungeon, and saw 8 of its levels.

You collected 315 gold pieces.

Inventory:

Hand Weapons
 x - a +0 broad axe
 C - a +4 quarterstaff of chaos
 J - the +6 battleaxe of Accidental Termination {elec, rN+ Str+3}
   (You took it off an orc on level 4 of the Dungeon)

   Occasionally, upon striking a foe, it will discharge some electrical energy
   and cause terrible harm.
   It affects your strength (+3).
   It protects you from negative energy.
 L - a +2 flail of protection (weapon)
 N - a +5 war axe
 P - a +1 dagger of venom
Missiles
 d - 166 arrows
 w - a throwing net (quivered) {!f}
 y - 173 stones
Armour
 u - a +0 helmet (worn)
 v - the cursed +0 pair of boots "Folot" (worn) {rPois Dex+3}
   (You found it on level 7 of the Dungeon)

   It affects your dexterity (+3).
   It protects you from poison.
   It has a curse placed upon it.
 D - a +2 pair of gloves (worn)
 K - a +1 cloak of poison resistance (worn)
 Q - a +2 robe of magic resistance (worn)
Jewellery
 m - an uncursed ring of fire
 o - a ring of wizardry (left hand)
 s - a ring of protection from magic (right hand)
 A - an uncursed ring of resist corrosion
Wands
 O - a wand of disintegration (14)
Scrolls
 f - a scroll of summoning {unknown}
 g - a scroll of fog
 h - 2 scrolls of teleportation
 j - a scroll of magic mapping
 k - a scroll of amnesia
 l - 3 scrolls of immolation
 t - 4 scrolls of enchant weapon
 F - 2 scrolls of remove curse {@r2}
Potions
 b - a potion of heal wounds {unknown}
 e - a potion of agility {unknown}
 n - 3 potions of lignification
 p - 3 potions of mutation
 q - a potion of invisibility {unknown}
 r - a potion of haste
 z - a potion of cancellation {unknown}
 B - 2 potions of flight {unknown}
 E - 2 potions of berserk rage {unknown}
 G - 3 potions of resistance {unknown}
 I - a potion of ambrosia {unknown}
Comestibles
 c - 10 rations


   Skills:
 + Level 5.5 Fighting
 + Level 4.1 Dodging
 - Level 1.8 Stealth
 - Level 4.0 Spellcasting
 - Level 7.1 Summonings
 - Level 3.1 Ice Magic
 - Level 1.1 Air Magic


You had 2 spell levels left.
You knew the following spells:

 Your Spells              Type           Power        Failure   Level  Hunger
a - Call Canine Familiar  Summ           #####...     1%          3    ##.....
b - Call Imp              Summ           #####...     1%          2    #......
c - Summon Ice Beast      Ice/Summ       ####....     5%          4    ####...
d - Summon Lightning Spi  Summ/Air       ###.....     8%          4    ####...

Your spell library contained the following spells:

 Spells                   Type           Power        Failure   Level  Hunger
 Summon Small Mammal      Summ           ####         1%          1    None
 Summon Guardian Golem    Hex/Summ       ###.....     3%          3    ##.....


Dungeon Overview and Level Annotations

Branches:
Dungeon (8/15)             Temple (0/1) D:4            Lair (0/6) D:8


Innate Abilities, Weirdness & Mutations

You have an increased reservoir of magic. (+10% MP)


Message History

* * * LOW HITPOINT WARNING * * *
The five-headed hydra bites you but does no damage.
The five-headed hydra completely misses you.
The five-headed hydra bites you.
* * * LOW HITPOINT WARNING * * *
You climb upwards.
There is a stone staircase leading down here.
The five-headed hydra bites you but does no damage. x2
The five-headed hydra bites you!!
* * * LOW HITPOINT WARNING * * *
The five-headed hydra barely misses you.
The five-headed hydra bites you!
* * * LOW HITPOINT WARNING * * *
As you read the scroll of fear, it crumbles to dust.
You assume a fearsome visage.
The five-headed hydra easily resists.
The five-headed hydra bites you but does no damage.
The five-headed hydra bites you.
* * * LOW HITPOINT WARNING * * *
The five-headed hydra bites you!
You die...

## #..# ##........#### .## #..#
###.........####### ..####.#
#...............#### ...###.##
##..........###...... .....#..#
##...........# ####### ........#
##............#
.....##.###............##
.....##.##.............#
.....##.#.......@......#
.....##.........D.....## ####
....####..............# ####..#
....# ##..............# ##......
....###...............# ##.......
...##.................# #........
####..................###........
##..................###.........
##...................# #.........


You could see a five-headed hydra.

Vanquished Creatures
  2 hippogriffs (D:7)
  A sky beast (D:5)
  2 phantoms
  An ogre (D:5)
  A bullfrog (D:6)
  A howler monkey (D:4)
  6 crimson imps
  A hound (D:6)
  A jelly (D:7)
  A bullfrog skeleton (D:5)
  3 worker ants
  A howler monkey skeleton (D:7)
  6 gnolls
  6 adders
  A shadow imp (D:6)
  An adder skeleton (D:4)
  3 dart slugs
  3 leopard geckos
  6 orcs
  3 ball pythons
  2 bat zombies (D:3)
  3 giant cockroaches
  13 goblins
  2 hobgoblins (D:1)
  3 jackals
  4 kobolds
  3 quokkas
  5 bats
  6 frilled lizards
  A jackal skeleton (D:4)
  A leopard gecko skeleton (D:6)
  A quokka skeleton (D:5)
  12 rats
106 creatures vanquished.

Vanquished Creatures (collateral kills)
  Menkaure (D:7)
  Duvessa (D:5)
  A water moccasin (D:6)
  3 ogres
  Dowan (D:5)
  2 orc priests (D:6)
  Crazy Yiuf (D:4)
  A centaur skeleton (D:4)
  Jessica (D:3)
  2 worker ants (D:4)
  Robin (D:2)
  6 adders
  7 gnolls
  An adder skeleton (D:4)
  3 worms
  A leopard gecko (D:2)
  3 orcs (D:4)
  A giant cockroach (D:3)
  A goblin (D:2)
  3 hobgoblins (D:2)
  3 jackals
  A quokka (D:3)
  A ball python (D:3)
  6 rats
52 creatures vanquished.

Grand Total: 158 creatures vanquished

Notes
Turn   | Place    | Note
-------+----------+-------------------------------------------
     0 | D:1      | iamserjio the Demigod Summoner began the quest for the Orb.
     0 | D:1      | Reached XP level 1. HP: 14/14 MP: 5/5
   655 | D:1      | Reached XP level 2. HP: 20/22 MP: 5/7
  1098 | D:1      | Reached skill level 1 in Fighting
  1475 | D:1      | Reached skill level 4 in Summonings
  1585 | D:1      | Learned a level 2 spell: Call Imp
  1662 | D:2      | Reached XP level 3. HP: 28/28 MP: 3/8
  2153 | D:2      | Found an iron altar of Okawaru.
  2203 | D:2      | Reached XP level 4. HP: 31/36 MP: 8/10
  2264 | D:2      | Noticed Robin
  2292 | D:2      | Killed Robin
  3151 | D:2      | Learned a level 4 spell: Summon Ice Beast
  3500 | D:3      | Noticed Jessica
  3520 | D:3      | Killed Jessica
  3520 | D:3      | Reached skill level 1 in Ice Magic
  3526 | D:3      | Reached XP level 5. HP: 41/41 MP: 8/12
  3676 | D:3      | Found an ancient bone altar of Kikubaaqudgha.
  3774 | D:3      | Found a faded altar of an unknown god.
  3882 | D:3      | Found a stormy altar of Qazlal.
  4049 | D:3      | Found an ornate altar of the Wu Jian Council.
  4583 | D:3      | Learned a level 3 spell: Call Canine Familiar
  4829 | D:4      | Found a staircase to the Ecumenical Temple.
  4829 | D:4      | Noticed an ogre
  4838 | D:4      | Killed an ogre
  4997 | D:4      | Found a shimmering altar of Xom.
  5138 | D:4      | Reached XP level 6. HP: 20/48 MP: 7/13
  5428 | D:4      | Reached skill level 5 in Summonings
  6139 | D:4      | Got an iridescent battleaxe {elec}
  6280 | D:4      | Identified the +6 battleaxe of Accidental Termination {elec, rN+ Str+3} (You took it off an orc on level 4 of the Dungeon)
  6419 | D:4      | Found a runed door.
  6617 | D:4      | Noticed Crazy Yiuf
  6624 | D:4      | Paralysed by Crazy Yiuf for 2 turns
  6629 | D:4      | Killed Crazy Yiuf
  6871 | D:5      | Entered Level 5 of the Dungeon
  7193 | D:5      | Reached XP level 7. HP: 39/56 MP: 6/14
  7409 | D:5      | Reached skill level 6 in Summonings
  7412 | D:5      | Noticed Duvessa
  7412 | D:5      | Noticed Dowan
  7416 | D:5      | Killed Duvessa
  7417 | D:5      | Killed Dowan
  8236 | D:6      | Reached skill level 7 in Summonings
  8396 | D:6      | Reached XP level 8. HP: 52/66 MP: 14/16
  8722 | D:6      | Found a blossoming altar of Fedhas.
  9234 | D:6      | Found a burning altar of Makhleb.
  9237 | D:6      | Found a glowing silver altar of Zin.
  9238 | D:6      | Noticed a blizzard demon
  9238 | D:6      | Noticed an angel
  9672 | D:6      | Learned a level 4 spell: Summon Lightning Spire
  9724 | D:7      | Noticed a hippogriff
  9733 | D:7      | Killed a hippogriff
  9733 | D:7      | Reached skill level 1 in Air Magic
  9769 | D:7      | Reached skill level 5 in Fighting
  9997 | D:7      | Noticed Menkaure
 10218 | D:7      | Noticed a hippogriff
 10226 | D:7      | Killed a hippogriff
 10537 | D:7      | Got a pair of shimmering boots
 10793 | D:7      | Killed Menkaure
 11172 | D:7      | Identified the cursed +0 pair of boots "Folot" {rPois Dex+3} (You found it on level 7 of the Dungeon)
 11181 | D:8      | Noticed a five-headed hydra
 11200 | D:8      | Noticed a two-headed ogre
 11212 | D:7      | Mangled by a five-headed hydra

Skill      XL: |  1  2  3  4  5  6  7  8 |
---------------+-------------------------+-----
Spellcasting   | 2 3 4 |  4.0
Fighting       | 1 2 4 5 |  5.5
Summonings     | 4 5 7 |  7.1
Ice Magic      | 1 2 3 |  3.1
Dodging        | 2 4 |  4.1
Air Magic      | 1 |  1.1
Stealth        | |  1.8

Action                   |  1- 3 |  4- 6 |  7- 9 || total
-------------------------+-------+-------+-------++-------
Melee: Mace              |    25 |       |       ||    25
       Spear             |    85 |   230 |       ||   315
       Battleaxe         |       |    19 |    87 ||   106
       Flail             |       |       |     2 ||     2
 Cast: Summon Small Mamm |     6 |       |       ||     6
       Call Imp          |    11 |    18 |       ||    29
       Summon Ice Beast  |       |    16 |    21 ||    37
  Use: Scroll            |       |    11 |     6 ||    17
 Stab: Sleeping          |     6 |     4 |       ||    10
       Distracted        |       |     2 |       ||     2
  Eat: Chunk             |     4 |    17 |    11 ||    32
       Ration            |       |     1 |     1 ||     2
Armor: Robe              |    16 |    62 |    21 ||    99
       Leather armour    |       |     5 |    35 ||    40
Dodge: Dodged            |    49 |   173 |    83 ||   305
